 Seeded DCSS version 0.29.1-1-gd02db6906a (webtiles) character file.

Game seed: 9708579739092153053 (custom seed)

17 GigaChad the Trooper (level 2, -12/28 HPs)
             Began as a Minotaur Fighter on Sept 15, 2022.
             Killed by divine providence
             ... invoked by an orc priest
              (13 damage)
             ... on level 3 of the Dungeon.
             The game lasted 00:00:53 (520 turns).

GigaChad the Trooper (Minotaur Fighter)              Turns: 520, Time: 00:00:54

Health: -12/28     AC:  7    Str: 22    XL:     2   Next: 44%
Magic:  1/1        EV:  9    Int:  5    God:
Gold:   71         SH:  4    Dex:  9    Spells: 1/1 levels left

rFire   . . .      SeeInvis .   g - +7 mace of the Maze {spect, rPois Will+ Str+2}
rCold   . . .      Faith    .   c - +0 buckler
rNeg    . . .      Spirit   .   b - +0 scale mail
rPois   +          Reflect  .   (helmet restricted)
rElec   .          Harm     .   (no cloak)
rCorr   .          Rampage  .   (no gloves)
Will    +....                   (no boots)
Stlth   ..........              (no amulet)
HPRegen 0.09/turn               (no ring)
MPRegen 0.07/turn               (no ring)

@: no status effects
A: horns 2, retaliatory headbutt
a: no special abilities


You were on level 3 of the Dungeon.
You visited 1 branch of the dungeon, and saw 4 of its levels.

You collected 71 gold pieces.

Inventory:

Hand Weapons
 a - a +0 long sword
 g - the +7 mace of the Maze (weapon) {spect, rPois Will+ Str+2}
   (You found it on level 2 of the Dungeon)

   When its wielder attacks, the weapon's spirit leaps out and strikes again.
   The spirit shares a part of any damage it takes with its wielder.
   Str:       It affects your strength (+2).
   rPois:     It protects you from poison.
   Will:      It increases your willpower.
Armour
 b - a +0 scale mail (worn)
 c - a +0 buckler (worn)
Scrolls
 e - a scroll of blinking {unknown}
 h - a scroll of noise {unknown}
 i - a scroll of identify {unknown}
Potions
 d - a potion of might
 f - a potion of curing {unknown}
 j - a potion of brilliance {unknown}


   Skills:
 + Level 4.3 Fighting
 - Level 2.4 Long Blades
 - Level 3.8 Armour
 - Level 3.8 Shields


You had one spell level left.
You didn't know any spells.
Your spell library was empty.

Dungeon Overview and Level Annotations

Branches:
Dungeon (4/15)
 Temple: D:4-7

Altars:


Innate Abilities, Weirdness & Mutations

You have a pair of horns on your head.
You reflexively headbutt those who attack you in melee.


Message History

A frilled lizard comes into view.
The frilled lizard hisses angrily.
A sourceless malevolence fills the Dungeon...
You fall into a shaft and drop 2 floors!
The shaft crumbles and collapses.
Found a stone staircase leading up.
There is a stone staircase leading up here.
There is a stone staircase leading up here.
You climb upwards.
The orc shouts!
The orc priest shouts!
The orc shouts!
You hear a shout!
There is a stone staircase leading down here.
The orc priest attacks as you move away!
You block the orc priest's attack. The orc hits you with a +0 hand axe.
The orc hits you with a +0 flail.
You thump the orc!
You kill the orc!
The orc hits you with a +0 hand axe. The orc priest closely misses you.
The orc hits you but does no damage.
The orc priest calls down the wrath of Beogh upon you.
You resist with significant effort. You block the orc's attack.
Things that are here:
a +0 flail; a +0 leather armour You barely miss the orc.
Your headbutt misses the orc.
Your +7 mace of the Maze {spect, rPois Will+ Str+2} hits the orc!
You kill the orc!
The orc hits you but does no damage.
The orc hits your +7 mace of the Maze {spect, rPois Will+ Str+2} but does no damage.
The orc priest hits you with a +2 whip of freezing.
The orc priest freezes you.
You barely miss the orc.
Your +7 mace of the Maze {spect, rPois Will+ Str+2} hits the orc!
You kill the orc!
An orc comes into view. It is wielding a +0 short sword.
The orc priest invokes the aid of Beogh against you.
Beogh smites you!
Ouch! That really hurt!
* * * LOW HITPOINT WARNING * * *
The orc priest calls down the wrath of Beogh upon you.
Beogh smites you!
You die...

## #. ####.##
.....# #
#####.(#####...
#....)@......#.
#o#.#.#o.......
##.###..... ##
####


You could see an orc priest, an orc and a friendly +7 mace of the Maze {spect,
rPois Will+ Str+2} (summoned).

Vanquished Creatures
  3 orcs (D:3)
  A bat (D:1)
  2 endoplasms (D:1)
  A hobgoblin (D:1)
  4 jackals (D:2)
  A quokka (D:1)
  A kobold (D:2)
13 creatures vanquished.

Notes
Turn   | Place    | Note
-------+----------+-------------------------------------------
     0 | D:1      | GigaChad the Minotaur Fighter began the quest for the Orb.
     0 | D:1      | Reached XP level 1. HP: 19/19 MP: 0/0
   317 | D:2      | Reached XP level 2. HP: 27/27 MP: 1/1
   326 | D:2      | Reached skill level 4 in Fighting
   357 | D:2      | Identified the +7 mace of the Maze {spect, rPois Will+
                  | Str+2}
   495 | D:2      | You fall into a shaft and drop 2 floors!
   520 | D:3      | HP: 1/28 [orc priest/divine providence (15)]
   520 | D:3      | Killed from afar by an orc priest

Illustrated notes

Levels and vault maps discovered:
D:1:      matt_arrival_spirals, layout_loops_ring,
          chequers_ecumenical_altar_island, chequers_serial_rivers_room_b,
          minmay_misc_feat_nine_boxes
D:2:      layout_basic, chequers_serial_rivers_small_3
D:3:      layout_loops_ring
D:4:      layout_loops_corners, kennysheep_generic_room_5, uniq_robin

Skill      XL: |  1  2 |
---------------+-------+-----
Fighting       | 4 |  4.3
Long Blades    | |  2.4
Armour         | |  3.8
Shields        | |  3.8

Action                   || total
-------------------------++-------
Melee: Long sword        ||    16
       Headbutt          ||     7
       Mace              ||     4
Armor: Scale mail        ||     9
Dodge: Dodged            ||    14
Block: Buckler           ||     6
